 Dungeon Crawl Stone Soup version 0.29.0-4-gdea44cf6ec (webtiles) character file.

Game seed: 9173487324768661549

17299 qw the Grappler (level 12, -3/114 HPs)
             Began as a Troll Cinder Acolyte on Sept 2, 2022.
             Was a Priest of Okawaru.
             Slain by a fire elemental (12 damage)
             ... created by the fiery vengeance of Ignis
             ... on level 4 of the Lair of Beasts.
             The game lasted 00:06:28 (11210 turns).

qw the Grappler (Troll Cinder Acolyte)             Turns: 11210, Time: 00:06:29

Health: -3/114     AC:  9    Str: 35    XL:     12   Next: 17%
Magic:  12/14      EV:  9    Int: 10    God:    Okawaru [***...]
Gold:   391        SH: 11    Dex:  5    Spells: 13/13 levels left

rFire   . . .      SeeInvis .     - Unarmed
rCold   + . .      Faith    .   h - +0 kite shield
rNeg    . . .      Spirit   .   s - +1 robe {rC+ rF+}
rPois   .          Reflect  .   (helmet restricted)
rElec   .          Harm     .   e - scarf {repulsion}
rCorr   .          Rampage  .   (gloves unavailable)
Will    .....                   (boots unavailable)
Stlth   ++........              b - amulet of regeneration
HPRegen 1.89/turn               r - +4 ring of protection
MPRegen 0.14/turn               m - +6 ring of strength

@: heroic, repel missiles, fire susceptible
A: large, unfitting armour, claws 3, regeneration 1, shaggy fur 1, tough skin 1
a: Renounce Religion, Heroism


You were on level 4 of the Lair of Beasts.
You worshipped Okawaru.
Okawaru was most pleased with you.
You visited 3 branches of the dungeon, and saw 13 of its levels.
You also visited: Ossuary.

You collected 947 gold pieces.
You spent 556 gold pieces at shops.


Innate Abilities, Weirdness & Mutations

You are too large for most types of armour.
You have claws for hands.
Your natural rate of healing is unusually fast.
You are covered in fur. (AC +1)
You have tough skin. (AC +1)


   Skills:
 - Level 6.0(11.0) Fighting
 - Level 3.7(8.7) Throwing
 - Level 1.0(6.0) Dodging
 - Level 10.0(15.0) Shields
 + Level 14.5(19.5) Unarmed Combat
 - Level 1.0 Spellcasting
 - Level 2.1 Fire Magic
 - Level 4.0 Invocations


You had 13 spell levels left.
You didn't know any spells.
Your spell library contained the following spells:

 Spells                   Type           Power      Damage    Failure   Level
 Scorch                   Fire           8%         2d5       32%         2

Inventory:

Missiles
 l - 4 boomerangs
 q - a silver boomerang (quivered)
Armour
 a - +0 acid dragon scales
 e - a scarf of repulsion (worn)
 h - a +0 kite shield (worn)
 i - a +2 robe of cold resistance
 s - a +1 robe of resistance (worn)
Jewellery
 b - an amulet of regeneration (around neck)
 m - a +6 ring of strength (right claw)
 r - a +4 ring of protection (left claw)
Wands
 n - a wand of digging (8)
Scrolls
 c - 10 scrolls of identify
 d - a scroll of enchant weapon
 f - 2 scrolls of enchant armour
Potions
 g - 3 potions of haste
 j - 6 potions of curing
 k - a potion of might
 p - a potion of brilliance {unknown}

Dungeon Overview and Level Annotations

Branches:
Dungeon (9/15)             Temple (1/1) D:6            Lair (2/5) D:9
  Swamp (0/4) Lair:2      Ossuary (visited)
  Snake: Lair:2-3    Spider: Lair:2-3       Orc: D:9-12

Altars:
Ashenzari
Cheibriados
Dithmenos
Elyvilon
Fedhas
Gozag
Hepliaklqana
Kikubaaqudgha
Makhleb
Nemelex Xobeh
Okawaru
Qazlal
Ru
Sif Muna
Trog
Uskayaw
Vehumet
Wu Jian
Xom
Yredelemnul
The Shining One

Shops:
D:1 !   D:6 [   D:7 =   D:8 *

Portals:
Ice
Cave: Lair:4

Annotations:
D:5 2 transporters, qw's ghost, amateur TrCA
Lair:1 2 transporters, qw's ghost, journeyman TrCA


Message History

You are more poisoned.
The black mamba poisons you!
You completely miss the black mamba.
The black mamba is almost dead.
You feel very sick. You block the black mamba's attack.
You mangle the black mamba!!
You kill the black mamba!
Okawaru accepts your kill.
You feel very sick.
You start resting.
You feel very sick. x4
You feel sick. x7
You feel like a meek peon again.
You feel sick.
You are no longer poisoned. "Burn!
Burn until nothing is left!" 2 fire elementals come into view.
11205 ||| INVOKING Heroism.
You gain the combat prowess of a mighty hero.
You scratch the fire elemental.
The fire elemental is lightly damaged.
The fire elemental hits you. The fire elemental burns you!
11207 ||| DRINKING potion of heal wounds.
You feel much better. You block the fire elemental's attack.
The fire elemental hits you. The fire elemental burns you!
You completely miss the fire elemental.
The fire elemental is lightly damaged.
The fire elemental hits you. The fire elemental burns you!
The fire elemental closely misses you.
You barely miss the fire elemental.
The fire elemental is lightly damaged.
The fire elemental hits you. The fire elemental burns you!
The fire elemental hits you. The fire elemental burns you!
You barely miss the fire elemental.
The fire elemental is lightly damaged.
You block the fire elemental's attack. The fire elemental hits you.
The fire elemental burns you!
You die...

#.# ..## #..# ###
#..#####.## ###
##..##.##..####P####
#...#.#....P#.P.#...
#E.................
#%@E....%..%.......
#P%..0.%.%..##......
#.........#######..#
#.........## #.#.
..%.......## ####
#.!........# #
#...#.......
....#.P......
.#.....


You could see 2 fire elementals.

Vanquished Creatures
  Erica (D:8)
  A two-headed ogre (D:8)
  3 death yaks (Lair:4)
  2 black mambas
  3 cane toads
  A gargoyle (D:9)
  A rime drake (Lair:2)
  3 komodo dragons
  A hornet (D:9)
  5 blink frogs (Lair:4)
  Sigmund (D:2)
  2 wyverns
  16 yaks
  3 fire elementals (Lair:2)
  A basilisk (Lair:2)
  6 humans (D:9)
  A steam dragon (D:7)
  An acid dragon (D:8)
  9 water moccasins
  2 orc warriors
  3 ice beasts
  3 black bears
  5 wolves (Lair:1)
  2 ogres
  2 centaurs
  5 kobold brigands
  7 bullfrogs
  2 gnoll sergeants
  12 scorpions
  A necrophage (D:6)
  10 wights
  5 killer bees (D:9)
  3 howler monkeys (D:8)
  3 electric eels (Lair:1)
  4 lava snakes (Lair:1)
  A jelly (D:5)
  A gnoll bouda (D:6)
  3 human zombies (Ossuary)
  7 orc priests
  8 hounds
  4 iguanas
  7 orc wizards
  A hound zombie (Ossuary)
  4 mummies (Ossuary)
  Robin (D:2)
  17 gnolls
  7 adders
  2 shadow imps
  4 white imps
  3 adder zombies (Ossuary)
  A worm (D:2)
  A dart slug (D:1)
  29 orcs
  7 ball pythons
  An endoplasm (D:1)
  4 giant cockroaches
  13 goblins
  18 hobgoblins
  4 jackals (D:3)
  6 bats
  A frilled lizard (D:2)
  2 goblin zombies (Ossuary)
  2 jackal zombies (Ossuary)
  24 kobolds
  3 rats
  A rat zombie (Ossuary)
317 creatures vanquished.

Vanquished Creatures (others)
  An orc wizard (D:9)
  6 fungi
  3 plants (D:9)
10 creatures vanquished.

Grand Total: 327 creatures vanquished

Notes
Turn   | Place    | Note
-------+----------+-------------------------------------------
     0 | D:1      | qw the Troll Cinder Acolyte began the quest for the Orb.
     0 | D:1      | Reached XP level 1. HP: 22/22 MP: 1/1
     0 | D:1      | 0 ||| qw: Version: 0.1-a-97-g2dd2ca4
     0 | D:1      | 0 ||| qw: Game counter: 4933
     0 | D:1      | 0 ||| qw: Always use a shield: true
     0 | D:1      | 0 ||| qw: God list: Okawaru
     0 | D:1      | 0 ||| qw: Allow faded altars: false
     0 | D:1      | 0 ||| qw: Do Orc after D:15 true
     0 | D:1      | 0 ||| qw: Do second Lair branch before Depths: true
     0 | D:1      | 0 ||| qw: Lair rune preference: random
     0 | D:1      | 0 ||| qw: Plans: Normal
     0 | D:1      | 0 ||| PLANNING D:1-11
   308 | D:1      | Reached XP level 2. HP: 29/29 MP: 2/2
   480 | D:1      | Found Wecosalo's Distillery.
   494 | D:1      | 494 ||| SHOPLISTING 2 potions of curing (72 gold, have 6).
   494 | D:1      | 494 ||| SHOPLISTING potion of cancellation (96 gold, have
                  | 6).
   494 | D:1      | 494 ||| SHOPLISTING potion of curing (36 gold, have 6).
   494 | D:1      | 494 ||| SHOPLISTING potion of might (48 gold, have 6).
   494 | D:1      | 494 ||| SHOPLISTING potion of mutation (96 gold, have 6).
   620 | D:1      | Reached skill level 4 in Unarmed Combat
   864 | D:1      | 864 ||| READING scroll labelled TOADAG XURHATZ.
   869 | D:1      | 869 ||| READING scroll labelled XYH LIGIH.
   870 | D:1      | 870 ||| READING scroll labelled DUECLE RIVIL.
   964 | D:2      | Reached XP level 3. HP: 36/36 MP: 3/3
   975 | D:2      | 975 ||| INVOKING Fiery Armour.
   978 | D:2      | 978 ||| Stepping ~*~*~tactically~*~*~ (outnumbered).
   980 | D:2      | 980 ||| Stepping ~*~*~tactically~*~*~ (outnumbered).
   983 | D:2      | 983 ||| Stepping ~*~*~tactically~*~*~ (outnumbered).
   984 | D:2      | 984 ||| Stepping ~*~*~tactically~*~*~ (outnumbered).
   989 | D:2      | 989 ||| Stepping ~*~*~tactically~*~*~ (outnumbered).
   990 | D:2      | 990 ||| Stepping ~*~*~tactically~*~*~ (outnumbered).
   996 | D:2      | Noticed Robin
  1004 | D:2      | Killed Robin
  1188 | D:2      | Reached XP level 4. HP: 29/44 MP: 4/4
  1341 | D:2      | Reached skill level 5 in Unarmed Combat
  1347 | D:2      | Noticed Sigmund
  1356 | D:2      | Killed Sigmund
  1357 | D:2      | Reached skill level 6 in Unarmed Combat
  1357 | D:2      | Reached XP level 5. HP: 41/50 MP: 5/5
  1503 | D:2      | 1503 ||| INVOKING Fiery Armour.
  1512 | D:2      | Reached XP level 6. HP: 45/59 MP: 6/6
  1833 | D:2      | 1833 ||| UPGRADING to scarf of repulsion.
  1838 | D:2      | 1838 ||| UPGRADING to amulet of regeneration.
  1843 | D:2      | 1843 ||| DROPPING ring of magical power.
  1844 | D:2      | 1844 ||| READING 2 scrolls labelled PONANE MATI.
  1845 | D:2      | 1845 ||| READING scroll labelled NEGGYU ARIXZEL.
  1846 | D:2      | 1846 ||| DROPPING scroll of immolation.
  2277 | D:3      | Found the +1 Delatra's gloves {ID++}
  2280 | D:3      | 2280 ||| Stepping ~*~*~tactically~*~*~ (outnumbered).
  2284 | D:3      | Reached skill level 7 in Unarmed Combat
  2710 | D:3      | 2710 ||| READING 3 scrolls labelled FOIRGH CUSME.
  2711 | D:3      | 2711 ||| READING 2 scrolls of identify.
  2711 | D:3      | 2711 ||| IDENTIFYING sapphire potion
  2712 | D:3      | 2712 ||| DROPPING potion of flight.
  2747 | D:4      | 2747 ||| PLANNING OSSUARY
  2976 | D:4      | 2976 ||| Stepping ~*~*~tactically~*~*~ (hiding).
  2978 | D:4      | 2978 ||| INVOKING Fiery Armour.
  2981 | D:4      | Reached skill level 8 in Unarmed Combat
  2983 | D:4      | Reached XP level 7. HP: 66/66 MP: 7/7
  2988 | D:4      | Reached skill level 3 in Fighting
  3168 | D:4      | 3168 ||| Stepping ~*~*~tactically~*~*~ (stealth).
  3174 | D:4      | 3174 ||| Stepping ~*~*~tactically~*~*~ (stealth).
  3177 | D:4      | 3177 ||| Stepping ~*~*~tactically~*~*~ (outnumbered).
  3178 | D:4      | 3178 ||| Stepping ~*~*~tactically~*~*~ (outnumbered).
  3179 | D:4      | 3179 ||| Stepping ~*~*~tactically~*~*~ (outnumbered).
  3180 | D:4      | 3180 ||| Stepping ~*~*~tactically~*~*~ (outnumbered).
  3181 | D:4      | 3181 ||| Stepping ~*~*~tactically~*~*~ (outnumbered).
  3182 | D:4      | 3182 ||| Stepping ~*~*~tactically~*~*~ (outnumbered).
  3183 | D:4      | 3183 ||| Stepping ~*~*~tactically~*~*~ (outnumbered).
  3373 | D:4      | Found a sand-covered staircase.
  3374 | D:4      | 3374 ||| READING scroll labelled LECRUNG CEMMORRU.
  3380 | Ossuary  | Entered an ossuary
  3381 | Ossuary  | 3381 ||| INVOKING Fiery Armour.
  3384 | Ossuary  | 3384 ||| Stepping ~*~*~tactically~*~*~ (outnumbered).
  3385 | Ossuary  | 3385 ||| Stepping ~*~*~tactically~*~*~ (outnumbered).
  3386 | Ossuary  | 3386 ||| Stepping ~*~*~tactically~*~*~ (outnumbered).
  3387 | Ossuary  | 3387 ||| Stepping ~*~*~tactically~*~*~ (outnumbered).
  3388 | Ossuary  | 3388 ||| Stepping ~*~*~tactically~*~*~ (outnumbered).
  3389 | Ossuary  | 3389 ||| Stepping ~*~*~tactically~*~*~ (outnumbered).
  3390 | Ossuary  | 3390 ||| Stepping ~*~*~tactically~*~*~ (outnumbered).
  3391 | Ossuary  | 3391 ||| Stepping ~*~*~tactically~*~*~ (outnumbered).
  3392 | Ossuary  | 3392 ||| Stepping ~*~*~tactically~*~*~ (outnumbered).
  3393 | Ossuary  | 3393 ||| Stepping ~*~*~tactically~*~*~ (outnumbered).
  3394 | Ossuary  | 3394 ||| Stepping ~*~*~tactically~*~*~ (outnumbered).
  3395 | Ossuary  | 3395 ||| Stepping ~*~*~tactically~*~*~ (outnumbered).
  3396 | Ossuary  | 3396 ||| Stepping ~*~*~tactically~*~*~ (outnumbered).
  3398 | Ossuary  | 3398 ||| Stepping ~*~*~tactically~*~*~ (outnumbered).
  3406 | Ossuary  | 3406 ||| Stepping ~*~*~tactically~*~*~ (outnumbered).
  3407 | Ossuary  | 3407 ||| Stepping ~*~*~tactically~*~*~ (outnumbered).
  3409 | Ossuary  | 3409 ||| Stepping ~*~*~tactically~*~*~ (outnumbered).
  3410 | Ossuary  | 3410 ||| Stepping ~*~*~tactically~*~*~ (outnumbered).
  3411 | Ossuary  | 3411 ||| Stepping ~*~*~tactically~*~*~ (outnumbered).
  3412 | Ossuary  | 3412 ||| Stepping ~*~*~tactically~*~*~ (outnumbered).
  3414 | Ossuary  | 3414 ||| Stepping ~*~*~tactically~*~*~ (outnumbered).
  3415 | Ossuary  | 3415 ||| Stepping ~*~*~tactically~*~*~ (outnumbered).
  3416 | Ossuary  | 3416 ||| Stepping ~*~*~tactically~*~*~ (outnumbered).
  3417 | Ossuary  | 3417 ||| Stepping ~*~*~tactically~*~*~ (outnumbered).
  3419 | Ossuary  | 3419 ||| Stepping ~*~*~tactically~*~*~ (outnumbered).
  3422 | Ossuary  | 3422 ||| Stepping ~*~*~tactically~*~*~ (outnumbered).
  3423 | Ossuary  | 3423 ||| Stepping ~*~*~tactically~*~*~ (outnumbered).
  3566 | Ossuary  | 3566 ||| READING scroll labelled QAONIU ASALL.
  3584 | Ossuary  | 3584 ||| DRINKING 4 grey potions.
  3585 | Ossuary  | 3585 ||| DRINKING 2 fuming sapphire potions.
  3634 | Ossuary  | 3634 ||| DRINKING 2 silvery potions.
  3635 | Ossuary  | 3635 ||| READING 3 scrolls of identify.
  3635 | Ossuary  | 3635 ||| IDENTIFYING metallic inky potion
  3636 | Ossuary  | 3636 ||| READING 2 scrolls of identify.
  3636 | Ossuary  | 3636 ||| IDENTIFYING inky potion
  3637 | Ossuary  | 3637 ||| DROPPING potion of invisibility.
  3638 | Ossuary  | 3638 ||| DROPPING potion of lignification.
  3639 | Ossuary  | 3639 ||| DROPPING potion of degeneration.
  3652 | D:4      | 3652 ||| PLANNING D:1-11
  3736 | D:4      | Reached skill level 9 in Unarmed Combat
  3811 | D:4      | Identified the +1 robe "Ywawucwei" {Str+4}
  4131 | D:4      | 4131 ||| UPGRADING to +1 robe "Ywawucwei" {Str+4}.
  4141 | D:4      | 4141 ||| DROPPING +0 robe.
  4142 | D:4      | 4142 ||| READING scroll labelled UFAUGI HENN.
  4143 | D:4      | 4143 ||| READING scroll labelled XEPILUINAT.
  4143 | D:4      | Identified a scroll of acquirement
  4143 | D:4      | 4143 ||| ACQUIRING ring of protection from cold
  4143 | D:4      | Acquired a ring of protection from cold
  4145 | D:4      | 4145 ||| UPGRADING to ring of protection from cold.
  4146 | D:4      | 4146 ||| READING scroll labelled MYNOGO RES FELYR.
  4169 | D:5      | Entered Level 5 of the Dungeon
  4180 | D:5      | 4180 ||| Stepping ~*~*~tactically~*~*~ (hiding).
  4184 | D:5      | Reached skill level 1 in Throwing
  4184 | D:5      | Reached XP level 8. HP: 73/75 MP: 8/8
  4307 | D:5      | 4307 ||| Stepping ~*~*~tactically~*~*~ (hiding).
  4317 | D:5      | 4317 ||| INVOKING Fiery Armour.
  4318 | D:5      | 4318 ||| Stepping ~*~*~tactically~*~*~ (outnumbered).
  4319 | D:5      | HP: 18/75 [gnoll sergeant/+3 vorpal spear (8)]
  4320 | D:5      | 4320 ||| READING scroll of teleportation.
  4322 | D:5      | 4322 ||| Stepping ~*~*~tactically~*~*~ (outnumbered).
  4324 | D:5      | HP: 16/75 [gnoll sergeant/+3 vorpal spear (1)]
  4325 | D:5      | Reached skill level 10 in Unarmed Combat
  4534 | D:5      | 4534 ||| Stepping ~*~*~tactically~*~*~ (hiding).
  4535 | D:5      | 4535 ||| Stepping ~*~*~tactically~*~*~ (hiding).
  4539 | D:5      | 4539 ||| Stepping ~*~*~tactically~*~*~ (outnumbered).
  4545 | D:5      | 4545 ||| Stepping ~*~*~tactically~*~*~ (outnumbered).
  4548 | D:5      | Reached skill level 1 in Dodging
  4552 | D:5      | 4552 ||| INVOKING Fiery Armour.
  4634 | D:5      | 4634 ||| Stepping ~*~*~tactically~*~*~ (hiding).
  4756 | D:5      | Found a transporter.
  4951 | D:5      | 4951 ||| INVOKING Fiery Armour.
  4986 | D:5      | Found a broken altar of Ashenzari.
  5176 | D:5      | 5176 ||| Stepping ~*~*~tactically~*~*~ (stealth).
  5232 | D:5      | Found an opulent altar of Gozag.
  5251 | D:5      | Found a transporter.
  5251 | D:5      | Noticed qw's ghost (amateur TrCA)
  5457 | D:5      | 5457 ||| DROPPING amulet of the acrobat.
  5458 | D:5      | 5458 ||| READING scroll labelled TUXEIR XOUSOEW.
  5459 | D:5      | 5459 ||| READING 2 scrolls labelled BEUWKASA RONUMIC.
  5460 | D:5      | 5460 ||| READING scroll labelled REASURH QIAR.
  5461 | D:5      | 5461 ||| READING scroll labelled WYPNIA OS VAEDGH.
  5462 | D:5      | 5462 ||| DROPPING scroll of magic mapping.
  5463 | D:5      | 5463 ||| Stepping randomly (stuck).
  5464 | D:5      | 5464 ||| Stepping ~*~*~tactically~*~*~ (cloud).
  5475 | D:5      | 5475 ||| Stepping randomly (stuck).
  5476 | D:5      | 5476 ||| Stepping randomly (stuck).
  5477 | D:5      | 5477 ||| Stepping randomly (stuck).
  5492 | D:6      | Found a staircase to the Ecumenical Temple.
  5543 | D:6      | 5543 ||| Stepping ~*~*~tactically~*~*~ (stealth).
  5624 | D:6      | Found Ankurase's Antique Armour Boutique.
  5628 | D:6      | 5628 ||| BUYING kite shield (90 gold).
  5628 | D:6      | Bought a kite shield for 90 gold pieces
  5656 | D:6      | Reached skill level 11 in Unarmed Combat
  5752 | D:6      | Reached XP level 9. HP: 84/84 MP: 9/9
  5857 | D:6      | Identified the ring "Cierual" {Fly Will+ rCorr}
  6092 | D:6      | 6092 ||| Stepping ~*~*~tactically~*~*~ (hiding).
  6107 | D:6      | 6107 ||| Stepping ~*~*~tactically~*~*~ (outnumbered).
  6134 | D:6      | 6134 ||| Stepping ~*~*~tactically~*~*~ (outnumbered).
  6152 | D:6      | 6152 ||| Stepping ~*~*~tactically~*~*~ (stealth).
  6156 | D:6      | 6156 ||| Stepping ~*~*~tactically~*~*~ (hiding).
  6165 | D:6      | Reached skill level 12 in Unarmed Combat
  6171 | D:6      | 6171 ||| Stepping ~*~*~tactically~*~*~ (stealth).
  6189 | D:6      | 6189 ||| Stepping ~*~*~tactically~*~*~ (outnumbered).
  6191 | D:6      | 6191 ||| Stepping ~*~*~tactically~*~*~ (outnumbered).
  6205 | D:6      | 6205 ||| DRINKING 6 potions of curing.
  6205 | D:6      | 6205 ||| (to cure confusion)
  6221 | D:6      | 6221 ||| INVOKING Fiery Armour.
  6476 | D:6      | 6476 ||| UPGRADING to +0 kite shield.
  6481 | D:6      | 6481 ||| UPGRADING to ring "Cierual" {Fly Will+ rCorr}.
  6482 | D:6      | 6482 ||| READING 2 scrolls of identify.
  6482 | D:6      | 6482 ||| IDENTIFYING viscous red potion
  6483 | D:6      | 6483 ||| DROPPING potion of berserk rage.
  6562 | D:7      | 6562 ||| STAIRDANCE
  6571 | D:7      | Reached skill level 1 in Shields
  6580 | D:7      | 6580 ||| Stepping ~*~*~tactically~*~*~ (outnumbered).
  6581 | D:7      | 6581 ||| Stepping ~*~*~tactically~*~*~ (outnumbered).
  6583 | D:7      | 6583 ||| Stepping ~*~*~tactically~*~*~ (outnumbered).
  6584 | D:7      | 6584 ||| Stepping ~*~*~tactically~*~*~ (outnumbered).
  6585 | D:7      | 6585 ||| Stepping ~*~*~tactically~*~*~ (outnumbered).
  6586 | D:7      | 6586 ||| Stepping ~*~*~tactically~*~*~ (outnumbered).
  6587 | D:7      | 6587 ||| Stepping ~*~*~tactically~*~*~ (outnumbered).
  6588 | D:7      | 6588 ||| Stepping ~*~*~tactically~*~*~ (outnumbered).
  6618 | D:7      | Reached skill level 3 in Shields
  6632 | D:7      | 6632 ||| Stepping ~*~*~tactically~*~*~ (hiding).
  6825 | D:7      | 6825 ||| Stepping ~*~*~tactically~*~*~ (hiding).
  6928 | D:7      | Found Woeb's Jewellery Shoppe.
  6939 | D:7      | 6939 ||| BUYING +4 ring of protection (396 gold).
  6939 | D:7      | Bought a +4 ring of protection for 396 gold pieces
  6939 | D:7      | 6939 ||| SHOPLISTING +4 ring of protection (396 gold, have
                  | 54).
  6939 | D:7      | 6939 ||| SHOPLISTING ring of Syunix {rElec rC+ rN+ Will+
                  | Str-2} (506 gold, have 54).
  7051 | D:7      | Identified the +1 pair of boots "Enunaod" {Will+ Dex+4}
  7172 | D:7      | 7172 ||| Stepping ~*~*~tactically~*~*~ (stealth).
  7177 | D:7      | 7177 ||| Stepping ~*~*~tactically~*~*~ (stealth).
  7355 | D:7      | 7355 ||| UPGRADING to +6 ring of strength.
  7357 | D:7      | 7357 ||| UPGRADING to +4 ring of protection.
  7359 | D:7      | 7359 ||| DROPPING ring of protection from cold.
  7360 | D:7      | 7360 ||| UPGRADING to +6 ring of strength.
  7362 | D:7      | 7362 ||| DROPPING ring "Cierual" {Fly Will+ rCorr}.
  7363 | D:7      | 7363 ||| READING scroll labelled UTIGGA AZAOVYSM.
  7364 | D:7      | 7364 ||| DRINKING 2 dark potions.
  7365 | D:7      | 7365 ||| READING 2 scrolls of identify.
  7365 | D:7      | 7365 ||| IDENTIFYING coppery potion
  7366 | D:7      | 7366 ||| DROPPING potion of attraction.
  7367 | D:7      | 7367 ||| DROPPING potion of magic.
  7411 | D:8      | 7411 ||| Stepping ~*~*~tactically~*~*~ (hiding).
  7419 | D:8      | 7419 ||| Stepping ~*~*~tactically~*~*~ (stealth).
  7422 | D:8      | 7422 ||| Stepping ~*~*~tactically~*~*~ (stealth).
  7423 | D:8      | 7423 ||| Stepping ~*~*~tactically~*~*~ (stealth).
  7424 | D:8      | 7424 ||| Stepping ~*~*~tactically~*~*~ (stealth).
  7425 | D:8      | 7425 ||| Stepping ~*~*~tactically~*~*~ (stealth).
  7488 | D:8      | Found a hide-covered altar of Uskayaw.
  7544 | D:8      | 7544 ||| INVOKING Fiery Armour.
  7554 | D:8      | Reached XP level 10. HP: 92/94 MP: 10/10
  7563 | D:8      | Reached skill level 6 in Shields
  7563 | D:8      | 7563 ||| FLEEEEING.
  7564 | D:8      | 7564 ||| FLEEEEING.
  7578 | D:8      | 7578 ||| FLEEEEING.
  7579 | D:8      | 7579 ||| FLEEEEING.
  7580 | D:8      | 7580 ||| FLEEEEING.
  7581 | D:8      | 7581 ||| FLEEEEING.
  7582 | D:8      | 7582 ||| FLEEEEING.
  7583 | D:8      | 7583 ||| FLEEEEING.
  7584 | D:8      | 7584 ||| FLEEEEING.
  7766 | D:8      | Found Zudosk's General Store.
  7769 | D:8      | 7769 ||| Stepping ~*~*~tactically~*~*~ (stealth).
  7772 | D:8      | 7772 ||| Stepping ~*~*~tactically~*~*~ (stealth).
  7778 | D:8      | 7778 ||| BUYING potion of heal wounds (50 gold).
  7778 | D:8      | Bought a potion of heal wounds for 50 gold pieces
  7778 | D:8      | 7778 ||| SHOPLISTING potion of resistance (100 gold, have
                  | 24).
  7778 | D:8      | 7778 ||| BUYING scroll of identify (20 gold).
  7778 | D:8      | Bought a scroll of identify for 20 gold pieces
  7778 | D:8      | 7778 ||| SHOPLISTING scroll of teleportation (30 gold, have
                  | 4).
  7804 | D:8      | 7804 ||| FLEEEEING.
  7805 | D:8      | 7805 ||| FLEEEEING.
  7806 | D:8      | 7806 ||| FLEEEEING.
  7883 | D:8      | 7883 ||| Invisible monster not found???
  7960 | D:8      | 7960 ||| Stepping ~*~*~tactically~*~*~ (outnumbered).
  7993 | D:8      | 7993 ||| FLEEEEING.
  8011 | D:8      | 8011 ||| Stepping ~*~*~tactically~*~*~ (outnumbered).
  8012 | D:8      | 8012 ||| Stepping ~*~*~tactically~*~*~ (outnumbered).
  8013 | D:8      | 8013 ||| Stepping ~*~*~tactically~*~*~ (outnumbered).
  8020 | D:8      | 8020 ||| Stepping ~*~*~tactically~*~*~ (outnumbered).
  8033 | D:8      | Noticed Erica
  8034 | D:8      | 8034 ||| INVOKING Fiery Armour.
  8046 | D:8      | Killed Erica
  8137 | D:8      | Noticed a two-headed ogre
  8138 | D:8      | 8138 ||| Stepping ~*~*~tactically~*~*~ (stealth).
  8145 | D:8      | 8145 ||| Stepping ~*~*~tactically~*~*~ (stealth).
  8173 | D:8      | Found a sparkling altar of Nemelex Xobeh.
  8190 | D:8      | Found a stormy altar of Qazlal.
  8375 | D:8      | Found a glowing golden altar of the Shining One.
  8376 | D:8      | 8376 ||| Stepping ~*~*~tactically~*~*~ (stealth).
  8381 | D:8      | Killed a two-headed ogre
  8382 | D:8      | Reached skill level 3 in Throwing
  8433 | D:8      | 8433 ||| UPGRADING to +0 acid dragon scales.
  8443 | D:8      | 8443 ||| DROPPING +1 robe "Ywawucwei" {Str+4}.
  8444 | D:8      | 8444 ||| UPGRADING to +1 robe of resistance.
  8454 | D:8      | 8454 ||| DROPPING ring of willpower.
  8557 | D:8      | 8557 ||| READING scroll of teleportation.
  8558 | D:8      | 8558 ||| STAIRDANCE
  8618 | D:9      | 8618 ||| Stepping ~*~*~tactically~*~*~ (stealth).
  8619 | D:9      | 8619 ||| Stepping ~*~*~tactically~*~*~ (stealth).
  8621 | D:9      | 8621 ||| INVOKING Fiery Armour.
  8622 | D:9      | 8622 ||| Stepping ~*~*~tactically~*~*~ (outnumbered).
  8624 | D:9      | 8624 ||| Stepping ~*~*~tactically~*~*~ (outnumbered).
  8625 | D:9      | 8625 ||| Stepping ~*~*~tactically~*~*~ (outnumbered).
  8625 | D:9      | Noticed a gargoyle
  8626 | D:9      | 8626 ||| Stepping ~*~*~tactically~*~*~ (outnumbered).
  8636 | D:9      | HP: 22/94 [poisoned by a hornet]
  8637 | D:9      | 8637 ||| DRINKING 5 potions of heal wounds.
  8637 | D:9      | Paralysed by a hornet for 3 turns
  8640 | D:9      | 8640 ||| DRINKING 4 potions of heal wounds.
  8642 | D:9      | Reached skill level 9 in Shields
  8644 | D:9      | HP: 24/96 [human (5)]
  8645 | D:9      | 8645 ||| DRINKING 3 potions of heal wounds.
  8648 | D:9      | 8648 ||| DRINKING 2 potions of heal wounds.
  8651 | D:9      | 8651 ||| Stepping ~*~*~tactically~*~*~ (outnumbered).
  8652 | D:9      | 8652 ||| Stepping ~*~*~tactically~*~*~ (outnumbered).
  8653 | D:9      | 8653 ||| Stepping ~*~*~tactically~*~*~ (outnumbered).
  8661 | D:9      | 8661 ||| Stepping ~*~*~tactically~*~*~ (outnumbered).
  8668 | D:9      | Reached XP level 11. HP: 50/102 MP: 11/11
  8973 | D:9      | 8973 ||| Stepping ~*~*~tactically~*~*~ (hiding).
  8977 | D:9      | 8977 ||| INVOKING Fiery Armour.
  8980 | D:9      | 8980 ||| Stepping ~*~*~tactically~*~*~ (outnumbered).
  8986 | D:9      | 8986 ||| Stepping ~*~*~tactically~*~*~ (outnumbered).
  8989 | D:9      | 8989 ||| Stepping ~*~*~tactically~*~*~ (outnumbered).
  9062 | D:9      | Found a staircase to the Lair.
  9070 | D:9      | 9070 ||| READING scroll of teleportation.
  9120 | D:8      | 9120 ||| PLANNING LAIR
  9156 | Lair:1   | Entered Level 1 of the Lair of Beasts
  9228 | Lair:1   | 9228 ||| Stepping ~*~*~tactically~*~*~ (stealth).
  9239 | Lair:1   | Found a transporter.
  9239 | Lair:1   | Noticed qw's ghost (journeyman TrCA)
  9239 | Lair:1   | Noticed an eight-headed hydra
  9239 | Lair:1   | Noticed a four-headed hydra
  9331 | Lair:1   | 9331 ||| Stepping ~*~*~tactically~*~*~ (outnumbered).
  9352 | Lair:1   | Reached skill level 13 in Unarmed Combat
  9367 | Lair:1   | 9367 ||| INVOKING Fiery Armour.
  9371 | Lair:1   | HP: 17/102 [electric eel/bolt of electricity (13)]
  9372 | Lair:1   | 9372 ||| DRINKING 2 potions of heal wounds.
  9735 | Lair:1   | Found a transporter.
  9905 | Lair:1   | 9905 ||| PLANNING TEMPLE
 10032 | Temple   | Entered the Ecumenical Temple
 10033 | Temple   | 10033 ||| PLANNING CONVERSION TO OKAWARU
 10040 | Temple   | Fell from the grace of Ignis
 10040 | Temple   | Became a worshipper of Warmaster Okawaru
 10041 | Temple   | 10041 ||| PLANNING LAIR
 10165 | Lair:2   | 10165 ||| Stepping ~*~*~tactically~*~*~ (outnumbered).
 10166 | Lair:2   | 10166 ||| STAIRDANCE
 10171 | Lair:2   | 10171 ||| STAIRDANCE
 10201 | Lair:2   | 10201 ||| STAIRDANCE
 10276 | Lair:2   | 10276 ||| FLEEEEING.
 10277 | Lair:2   | 10277 ||| STAIRDANCE
 10306 | Lair:2   | 10306 ||| STAIRDANCE
 10394 | Lair:2   | 10394 ||| Stepping ~*~*~tactically~*~*~ (outnumbered).
 10395 | Lair:2   | 10395 ||| Stepping ~*~*~tactically~*~*~ (outnumbered).
 10396 | Lair:2   | 10396 ||| Stepping ~*~*~tactically~*~*~ (outnumbered).
 10397 | Lair:2   | 10397 ||| Stepping ~*~*~tactically~*~*~ (outnumbered).
 10398 | Lair:2   | 10398 ||| Stepping ~*~*~tactically~*~*~ (outnumbered).
 10399 | Lair:2   | 10399 ||| Stepping ~*~*~tactically~*~*~ (outnumbered).
 10403 | Lair:2   | Reached * piety under Okawaru
 10466 | Lair:2   | 10466 ||| INVOKING Heroism.
 10470 | Lair:2   | Reached skill level 1 in Invocations
 10605 | Lair:2   | 10605 ||| INVOKING Heroism.
 10656 | Lair:2   | 10656 ||| INVOKING Heroism.
 10657 | Lair:2   | 10657 ||| INVOKING Heroism.
 10676 | Lair:2   | Found a staircase to the Swamp.
 10802 | Lair:2   | 10802 ||| INVOKING Heroism.
 10803 | Lair:2   | 10803 ||| INVOKING Heroism.
 10806 | Lair:2   | Reached ** piety under Okawaru
 10807 | Lair:2   | Reached skill level 3 in Invocations
 10926 | Lair:2   | You fall into a shaft and drop 2 floors!
 10926 | Lair:4   | Found a frozen archway.
 10929 | Lair:4   | 10929 ||| INVOKING Heroism.
 10946 | Lair:4   | 10946 ||| INVOKING Heroism.
 10996 | Lair:4   | 10996 ||| Stepping ~*~*~tactically~*~*~ (stealth).
 10998 | Lair:4   | 10998 ||| INVOKING Heroism.
 11099 | Lair:4   | 11099 ||| INVOKING Heroism.
 11100 | Lair:4   | 11100 ||| Stepping ~*~*~tactically~*~*~ (stealth).
 11109 | Lair:4   | Reached skill level 14 in Unarmed Combat
 11111 | Lair:4   | 11111 ||| Stepping ~*~*~tactically~*~*~ (stealth).
 11129 | Lair:4   | 11129 ||| INVOKING Heroism.
 11163 | Lair:4   | Noticed a death yak
 11164 | Lair:4   | 11164 ||| INVOKING Heroism.
 11164 | Lair:4   | Noticed a death yak
 11170 | Lair:4   | Killed a death yak
 11170 | Lair:4   | Noticed a death yak
 11171 | Lair:4   | Reached skill level 6 in Fighting
 11171 | Lair:4   | Reached XP level 12. HP: 114/114 MP: 11/14
 11177 | Lair:4   | 11177 ||| INVOKING Heroism.
 11178 | Lair:4   | Killed a death yak
 11178 | Lair:4   | Reached *** piety under Okawaru
 11185 | Lair:4   | Killed a death yak
 11193 | Lair:4   | HP: 27/114 [poisoned by a black mamba]
 11198 | Lair:4   | HP: 24/114 [poisoned by a black mamba]
 11203 | Lair:4   | HP: 28/114 [poisoned by a black mamba]
 11205 | Lair:4   | 11205 ||| INVOKING Heroism.
 11207 | Lair:4   | 11207 ||| DRINKING potion of heal wounds.
 11208 | Lair:4   | HP: 23/114 [fire elemental[the fiery vengeance of Ignis]
                  | (14)]
 11209 | Lair:4   | HP: 7/114 [fire elemental[the fiery vengeance of Ignis]
                  | (9)]
 11210 | Lair:4   | Slain by a fire elemental

Levels and vault maps discovered:
D:1:      dpeg_arrival_round_b, layout_loops_corners, serial_shops,
          shop_fountains, serial_glass, glass_columns_a, glass_columns_c,
          glass_columns_b, glass_columns_a
D:2:      layout_basic, hex_large, uniq_sigmund, uniq_robin
D:3:      layout_basic, hangedman_decor_push, pf_guarded_unrand_delatra
D:4:      minmay_opposing_rooms, layout_layer_cave, enter_ossuary_2
D:5:      layout_layer_cave, kennysheep_mini, kennysheep_little_box,
          gammafunk_ghost_mausoleum
D:6:      kennysheep_housing_project, layout_loops_cross,
          minmay_temple_entry_gardened_gates, serial_shops, shop
D:7:      layout_gridville, serial_shops, shop
D:8:      layout_loops_ring, nicolae_overflow_hidden_temple, tso_altar,
          nicolae_uskayaw_dance_studio, nemelex_spade_bored_becter,
          serial_shops, nicolae_shop_waterfront, kennysheep_generic_room_10,
          uniq_erica
D:9:      layout_gridville, grunt_lair_entry_orc_guard_hut, minmay_ruffians
Temple:   nicolae_temple_no_exploring_needed
Lair:1:   layout_big_grid, gammafunk_ghost_arena, nicolae_lair_liquid_snakes
Lair:2:   layout_cave_pods, swamp_mist
Lair:4:   layout_layer_cave, slime_entry_1, portal_ice_cave_entry_pillars_1,
          st_stairs_4, grunt_megastairs_3

Skill      XL: |  1  2  3  4  5  6  7  8  9 10 11 |
---------------+----------------------------------+-----
Unarmed Combat | 4 6 8 9 11 12 14 | 14.5
Fighting       | 3 4 5 6 |  6.0
Throwing       | 1 3 |  3.7
Dodging        | 1 |  1.0
Shields        | 5 9 10 | 10.0
Invocations    | 4 |  4.0
Spellcasting   | |  1.0
Fire Magic     | |  2.1

Action                   |  1- 3 |  4- 6 |  7- 9 | 10-12 || total
-------------------------+-------+-------+-------+-------++-------
Melee: Unarmed           |    62 |    90 |   334 |   345 ||   831
       Punch             |     1 |       |     8 |       ||     9
Throw: Boomerang         |       |       |    85 |    81 ||   166
Invok: Fiery Armour      |     1 |     2 |     6 |     4 ||    13
       Heroism           |       |       |       |    12 ||    12
  Use: Scroll            |     3 |     4 |    15 |     2 ||    24
       Potion            |       |       |     5 |     6 ||    11
Armor: Robe              |    25 |    21 |    85 |   144 ||   275
Dodge: Dodged            |    21 |    41 |   120 |   138 ||   320
       Repelled          |       |       |       |     5 ||     5
Block: Kite shield       |       |       |    21 |   165 ||   186

Table legend:
 A = Non-vault XP
 B = Vault XP
 C = Vault XP percentage of total XP
 D = Non-vault monster count
 E = Vault monster count
 F = Vault count percentage of total count
                 A         B        C        D         E       F
            +---------+---------+-------+---------+---------+-------
      Total |   18340 |    6373 |  25.8 |     211 |     103 |  32.8
            +---------+---------+-------+---------+---------+-------
        D:1 |      38 |       0 |   0.0 |      14 |       0 |   0.0
        D:2 |      84 |     274 |  76.5 |      19 |      12 |  38.7
        D:3 |      23 |      45 |  66.2 |      10 |       4 |  28.6
        D:4 |     328 |     302 |  47.9 |      15 |      10 |  40.0
        D:5 |    1207 |       0 |   0.0 |      32 |       0 |   0.0
        D:6 |     580 |     880 |  60.3 |      12 |      30 |  71.4
        D:7 |     983 |       0 |   0.0 |      18 |       0 |   0.0
        D:8 |    2925 |    1112 |  27.5 |      31 |       7 |  18.4
        D:9 |    1563 |    1830 |  53.9 |      20 |      12 |  37.5
     Lair:1 |    1523 |     355 |  18.9 |      11 |       7 |  38.9
     Lair:2 |    4265 |       0 |   0.0 |      17 |       0 |   0.0
     Lair:4 |    4821 |    1335 |  21.7 |      12 |       5 |  29.4
    Ossuary |       0 |     240 | 100.0 |       0 |      16 | 100.0
            +---------+---------+-------+---------+---------+-------
